 Dungeon Crawl Stone Soup version 0.20-a0-1065-g8446734 (webtiles) character file.

135 JiminyCricket the Skirmisher (level 4, 0/42 HPs)
             Began as a Minotaur Berserker on Apr 28, 2017.
             Was a Believer of Trog.
             Slain by Grinder (5 damage)
             ... on level 3 of the Dungeon.
             The game lasted 00:09:44 (1790 turns).

JiminyCricket the Skirmisher (Minotaur Berserker)   Turns: 1790, Time: 00:09:45

Health: 0/42       AC: 11    Str: 23    XL:     4   Next: 97%
Magic:  3/3        EV:  4    Int:  4    God:    Trog [**....]
Gold:   92         SH:  8    Dex:  9    Spells: 3/3 levels left

rFire    . . .     SeeInvis .   a - +0 hand axe
rCold    . . .     Gourm    .   m - +0 shield
rNeg     . . .     Faith    .   h - +0 plate armour
rPois    .         Spirit   .   (helmet restricted)
rElec    .         Reflect  .   (no cloak)
rCorr    .         Harm     .   (no gloves)
MR       .....                  (no boots)
Stlth    ..........             (no amulet)
Regen    0.2/turn               (no ring)
MPRegen  0.1/turn               (no ring)

@: slowed, very slow
A: retaliatory headbutt, horns 2
a: Berserk, Trog's Hand, Burn Spellbooks, Renounce Religion


You were on level 3 of the Dungeon.
You worshipped Trog.
Trog was pleased with you.
You were hungry.

You visited 1 branch of the dungeon, and saw 3 of its levels.

You collected 92 gold pieces.

Inventory:

Hand Weapons
 a - a +0 hand axe (weapon)
Armour
 h - a +0 plate armour (worn)
 m - a +0 shield (worn)
Scrolls
 b - a scroll of random uselessness {unknown}
 e - 2 scrolls of blinking {unknown}
 i - 2 scrolls of enchant armour {unknown}
 j - a scroll of magic mapping {unknown}
 l - 2 scrolls of identify {unknown}
 n - 2 scrolls of immolation {unknown}
 o - a scroll of fog {unknown}
 p - a scroll of teleportation {unknown}
Potions
 c - a potion of lignification {unknown}
 f - 2 potions of heal wounds {unknown}
 g - a potion of brilliance {unknown}
 k - 2 potions of ambrosia {unknown}
 q - a potion of curing {unknown}
Comestibles
 d - 2 meat rations
 r - a bread ration


   Skills:
 * Level 5.4 Fighting
 + Level 4.7 Axes
 + Level 3.4 Armour
 - Level 2.1 Dodging
 + Level 1.2 Shields


You had 3 spell levels left.
You didn't know any spells.

Dungeon Overview and Level Annotations

Branches:
Dungeon (3/15)

Altars:
Qazlal
Ru

Annotations:
D:1 1 runed door
D:3 Grinder


Innate Abilities, Weirdness & Mutations

You reflexively headbutt those who attack you in melee.
You have a pair of horns on your head.


Message History

You headbutt Grinder, but do no damage.
Your shield and plate armour prevent you from hitting Grinder.
You headbutt Grinder.
Grinder is severely wounded.
Grinder barely misses you. You block Grinder's attack.
Your shield and plate armour prevent you from hitting Grinder.
Grinder is severely wounded.
You block Grinder's attack.
You hit Grinder but do no damage.
Grinder is severely wounded.
Grinder says, "FISH!"
Grinder hits you.
* * * LOW HITPOINT WARNING * * *
You writhe in agony.
* * * LOW HITPOINT WARNING * * *
Grinder hits you but does no damage.
You closely miss Grinder.
Grinder is severely wounded.
Grinder hits you.
You die...

# .. #. #.. ##.# #..
##.).# #.# #.....###.# #
.......5#.#.#
#.....#@#.#.#.#
..............#
###.###.#.##############
#.#.##.......)....
#.#.##.#########.#
#.#.##.# #.# #.#.##.#
#.# ..#.##.# #.#
###.##<# #.#


You could see Grinder.

Vanquished Creatures
  Ijyb (D:3)
  Terence (D:2)
  3 adders
  An ooze (D:2)
  A worm (D:2)
  A dart slug (D:2)
  2 leopard geckos
  2 giant cockroaches
  7 goblins
  5 hobgoblins
  4 jackals (D:1)
  7 bats
  4 frilled lizards
  3 kobolds
  6 rats (D:1)
  2 fungi (D:2)
50 creatures vanquished.

Notes
Turn   | Place    | Note
-------+----------+-------------------------------------------
     0 | D:1      | JiminyCricket the Minotaur Berserker began the quest for the Orb.
     0 | D:1      | Reached XP level 1. HP: 19/19 MP: 0/0
     1 | D:1      | Found a runed door.
    76 | D:1      | Reached XP level 2. HP: 14/27 MP: 1/1
   160 | D:1      | Reached skill level 4 in Fighting
   685 | D:1      | Reached ** piety under Trog
   905 | D:2      | Noticed Terence
   918 | D:1      | Reached XP level 3. HP: 28/34 MP: 2/2
  1009 | D:2      | Killed Terence
  1009 | D:2      | Reached skill level 5 in Fighting
  1044 | D:2      | Reached XP level 4. HP: 42/42 MP: 3/3
  1386 | D:2      | Found a sacrificial altar of Ru.
  1645 | D:3      | Noticed Ijyb
  1692 | D:3      | Killed Ijyb
  1692 | D:3      | Reached skill level 1 in Shields
  1741 | D:3      | Found a stormy altar of Qazlal.
  1760 | D:3      | Noticed Grinder
  1762 | D:3      | Paralysed by Grinder for 5 turns
  1790 | D:3      | Slain by Grinder

Vault maps used:
D:1:      dpeg_arrival_caged_fury, hex_medium, minmay_misc_feat_tower,
          minmay_pentomino_p4
D:2:      nicolae_ru_the_path_less_chosen, uniq_terence
D:3:      cheibrodos_fertilizer, minivault_24, grunt_qazlal_sundering,
          uniq_ijyb, uniq_grinder

Skill      XL: |  1  2  3  4 |
---------------+-------------+-----
Axes           | 4 |  4.7
Fighting       | 4 5 |  5.4
Armour         | 3 |  3.4
Shields        | 1 |  1.2
Dodging        | |  2.1

Action                   |  1- 3 |  4- 6 || total
-------------------------+-------+-------++-------
Melee: Hand axe          |    69 |    96 ||   165
       Headbutt          |    10 |    22 ||    32
Invok: Berserk           |     1 |     1 ||     2
  Eat: Bread ration      |     1 |       ||     1
Armor: Plate armour      |    49 |    54 ||   103
       Animal skin       |     1 |       ||     1
Dodge: Dodged            |    30 |    18 ||    48
Block: Shield            |       |    12 ||    12
